 Dungeon Crawl Stone Soup version 0.32-a0-685-g93135e86f0 (webtiles) character file.

Game seed: 646887754080835646

93 croobank the Trooper (level 4, -4/50 HPs)
             Began as an Oni Monk on Mar 12, 2024.
             Was a Priest of Beogh.
             Killed from afar by Bogwald the orc apostle (11 damage)
             ... with a foxfire
             ... on level 2 of the Dungeon.
             The game lasted 00:04:25 (1159 turns).

croobank the Trooper (Oni Monk)                     Turns: 1159, Time: 00:04:26

Health: -4/50      AC:  3    Str: 17    XL:     4   Next: 61%
Magic:  4/4        EV: 10    Int: 11    God:    Beogh [***...]
Gold:   68         SH:  0    Dex: 11    Spells: 3/3 levels left

rFire   . . .        a - +0 hand axe
rCold   . . .        d - orb {light}
rNeg    . . .        b - +0 robe
rPois   .            (helmet restricted)
rElec   .            (no cloak)
rCorr   .            (gloves unavailable)
SInv    .            (boots unavailable)
Will    .....        (no amulet)
Stlth   +            (no ring)
HPRegen 0.28/turn    (no ring)
MPRegen 0.09/turn

%: no passive effects
@: glowing
A: large, unfitting armour, horns 1, tough skin 1, double potion healing,
drunken brawling
a: Renounce Religion, Smiting


You were on level 2 of the Dungeon.
You worshipped Beogh.
Beogh was most pleased with you.
You visited 1 branch of the dungeon, and saw 2 of its levels.

You collected 68 gold pieces.

Inventory:

Hand Weapons
 a - a +0 hand axe (weapon)
Armour
 b - a +0 robe (worn)
 d - an orb of light (worn)
Magical Staves
 j - a staff of conjuration
Scrolls
 l - a scroll of teleportation
 m - a scroll of identify {unknown}
 p - a scroll of amnesia {unknown}
Potions
 c - a potion of brilliance {unknown}
 e - a potion of might {unknown}
 f - a potion of heal wounds
 g - 2 potions of invisibility {unknown}
 h - a potion of lignification {unknown}
 i - 3 potions of attraction {unknown}
 k - a potion of degeneration {unknown}
 n - 2 potions of curing {unknown}
 o - a potion of cancellation {unknown}


   Skills:
 + Level 5.1 Fighting
 + Level 3.8 Axes
 + Level 3.5 Dodging


You had 3 spell levels left.
You didn't know any spells.
Your spell library contained the following spells:

 Spells                   Type           Power      Damage    Failure   Level
 Lesser Beckoning         Tloc           0%         N/A       47%         2
 Gell's Gravitas          Tloc           0%         N/A       71%         3
 Teleport Other           Tloc           0%         N/A       71%         3


Dungeon Overview and Level Annotations

Branches:
Dungeon (2/15)

Altars:
Beogh


Innate Abilities, Weirdness & Mutations

Your facial features look somewhat orcish.
You are too large for most types of armour.
You have a pair of small horns on your head.
You have tough skin. (AC +1)
You gain doubled healing and magic from potions.
Whenever you drink a healing potion, you attack all around you.


Message History

Aim: Bogwald the orc apostle, wielding a +1 dagger of electrocution and wearing the +0 robe of Xoeschila {-Cast Str+4} (empowered by the touch of Beogh)
Okay, then.
Okay, then.
As you read the scroll labelled ULOPPOKKIGUM, it crumbles to dust.
You feel strangely unstable.
It was a scroll of teleportation.
Bogwald mumbles some strange words.
Bogwald conjures some foxfire! 2 foxfires come into view.
Your surroundings seem slightly different.
The foxfire hits you! x2
Bogwald casts a spell.
Bogwald blinks!
Bogwald hits you with a +1 dagger of electrocution.
You take a swig of the potion and twirl your +0 hand axe.
You hit Bogwald but do no damage.
It was a potion of heal wounds.
You savour every drop.
You feel much better.
Bogwald mumbles some strange words.
Bogwald conjures some foxfire! 2 foxfires come into view.
You hit Bogwald. You headbutt Bogwald.
Bogwald is lightly wounded.
You hit the foxfire. The foxfire hits you! x2
Bogwald gestures wildly while chanting.
Bogwald blinks!
Bogwald mumbles some strange words.
Bogwald blinks!
Bogwald mumbles some strange words.
Bogwald blinks!
Bogwald mumbles some strange words.
Bogwald conjures some foxfire! 2 foxfires come into view.
The foxfire hits you. The foxfire hits you!
Bogwald mumbles some strange words.
Bogwald conjures some foxfire! 2 foxfires come into view.
You closely miss Bogwald. The foxfire hits you!
* * * LOW HITPOINT WARNING * * *
The foxfire hits you!
You die...
Beogh appreciates Bogwald's killing of a heretic priest.

#.#######.###
#...##....#
###....#### ######
###########.##
.......##.....†....>#
......##.###########
......##'########
#.......).§v...#
#.....)...@o§..#
+..........§§..#
#.>........⌠....#
#.?........)....#
#..).......>....#
#..........!....#
#########⌠...⌠..#
##...#### ####


You could see Bogwald the orc apostle (divinely empowered).

Vanquished Creatures
  An orc priest (D:2)
  An adder (D:2)
  2 dart slugs (D:1)
  An orc (D:2)
  7 ball pythons
  5 bats
  An endoplasm (D:1)
  6 giant cockroaches
  5 goblins
  3 hobgoblins
  2 jackals (D:1)
  3 kobolds (D:1)
  2 quokkas (D:1)
  2 frilled lizards (D:1)
  2 rats (D:1)
43 creatures vanquished.

Vanquished Creatures (others)
  7 foxfires (D:2)
7 creatures vanquished.

Grand Total: 50 creatures vanquished

Notes
Turn   | Place    | Note
-------+----------+-------------------------------------------
     0 | D:1      | croobank the Oni Monk began the quest for the Orb.
     0 | D:1      | Reached XP level 1. HP: 24/24 MP: 1/1
    90 | D:1      | Reached XP level 2. HP: 28/32 MP: 2/2
   485 | D:1      | Reached XP level 3. HP: 36/40 MP: 3/3
   911 | D:2      | Found a faded altar of an unknown god.
   915 | D:2      | Prayed at the altar of an unknown god.
   915 | D:2      | Became a worshipper of Beogh the Shepherd
   915 | D:2      | Reached * piety under Beogh
   915 | D:2      | Reached ** piety under Beogh
  1125 | D:2      | Reached *** piety under Beogh
  1126 | D:2      | Reached XP level 4. HP: 12/49 MP: 4/4
  1127 | D:2      | Reached skill level 5 in Fighting
  1146 | D:2      | Identified the +0 robe of Xoeschila {-Cast Str+4}
  1146 | D:2      | Noticed Bogwald
  1159 | D:2      | Killed from afar by Bogwald the orc apostle

Illustrated notes

Levels and vault maps discovered:
D:1:      tarquinn_simple_flora_water_b, layout_basic
D:2:      layout_basic, hellmonk_ecumenical_altar_leap_of_faith,
          grunt_ministairs_1

Skill      XL: |  1  2  3  4 |
---------------+-------------+-----
Dodging        | 3 |  3.5
Fighting       | 5 |  5.1
Axes           | |  3.8

Action                     |  1- 3 |  4- 6 || total
---------------------------+-------+-------++-------
  Melee: Hand axe          |    89 |     4 ||    93
         Headbutt          |    12 |     1 ||    13
    Use: Potion            |       |     2 ||     2
         Scroll            |       |     1 ||     1
 Armour: Robe              |    63 |    10 ||    73
  Dodge: Dodged            |    39 |       ||    39

Table legend: (Time is in decaauts)
 A = Elapsed time spent in this place.
 B = Non-inter-level travel time spent in this place.
 C = Inter-level travel time spent in this place.
 D = Time resting spent in this place.
 E = Time spent auto-exploring this place.
 F = Levels seen in this place.
 G = Mean time per level.
                   A        B        C        D        E       F      G
               +--------+--------+--------+--------+--------+-----+--------+
         Total |   1171 |   1158 |     13 |      0 |    880 |   2 |  585.5 |
       Dungeon |   1171 |   1158 |     13 |      0 |    880 |   2 |  585.5 |
               +--------+--------+--------+--------+--------+-----+--------+

Top non-repeatable levels by time:
     D:1: 829 daAuts
     D:2: 342 daAuts
